 Dungeon Crawl Stone Soup version 0.25-a0-108-gda8bd6c (webtiles) character file.

Game seed: 2328714336927876001, levelgen mode: deterministic

268 BoppinsLewinski the Poker (level 6, -2/47 HPs)
             Began as a Demonspawn Gladiator on Nov 18, 2019.
             Slain by an ogre
             ... wielding a +0 giant club
              (10 damage)
             ... on level 4 of the Dungeon.
             The game lasted 00:06:03 (2609 turns).

BoppinsLewinski the Poker (Demonspawn Gladiator)    Turns: 2609, Time: 00:06:04

Health: -2/47      AC: 11    Str: 16    XL:     6   Next: 0%
Magic:  6/6        EV:  8    Int:  9    God:
Gold:   164        SH:  0    Dex: 15    Spells: 5/5 levels left

rFire    + . .     SeeInvis .   a - +0 trident
rCold    + . .     Gourm    .   (no shield)
rNeg     + . .     Faith    .   m - +0 chain mail
rPois    +         Spirit   .   c - +0 helmet
rElec    .         Reflect  .   q - scarf {rC+ rF+}
rCorr    .         Harm     .   (no gloves)
MR       .....                  (no boots)
Stlth    ..........             (no amulet)
HPRegen  0.15/turn              r - ring of positive energy
MPRegen  0.10/turn              o - ring of poison resistance

@: no status effects
A: claws 1, thin metallic scales 1, powered by death 1
a: no special abilities


You were on level 4 of the Dungeon.
You were not hungry.

You visited 1 branch of the dungeon, and saw 4 of its levels.

You collected 164 gold pieces.

Inventory:

Hand Weapons
 a - a +0 trident (weapon)
Missiles
 d - a throwing net (quivered)
Armour
 c - a +0 helmet (worn)
 m - a +0 chain mail (worn)
 q - a scarf of resistance (worn)
Jewellery
 l - an uncursed ring of resist corrosion
 o - a ring of poison resistance (right claw)
 r - a ring of positive energy (left claw)
Scrolls
 b - 4 scrolls of teleportation {unknown}
 e - 6 scrolls of identify {unknown}
 g - a scroll of magic mapping {unknown}
 i - 5 scrolls of amnesia {unknown}
 p - 2 scrolls of remove curse {unknown}
 u - 2 scrolls of enchant weapon {unknown}
 v - a scroll of blinking {unknown}
Potions
 k - a potion of curing
 n - 2 potions of invisibility
 s - a potion of cancellation
 t - a potion of brilliance {unknown}
Comestibles
 f - 7 rations


   Skills:
 + Level 3.3 Fighting
 * Level 4.4 Polearms
 - Level 1.7 Throwing
 + Level 2.1 Armour
 + Level 3.5 Dodging


You had 5 spell levels left.
You didn't know any spells.
Your spell library was empty.

Dungeon Overview and Level Annotations

Branches:
Dungeon (4/15)
 Temple: D:4-7

Altars:
Sif Muna
Zin

Shops:
D:2 *


Innate Abilities, Weirdness & Mutations

You have sharp fingernails.
You are partially covered in thin metallic scales. (AC +2)
You regenerate a little health from kills.


Message History

An ogre comes inta view.
It be wieldin' a +0 giant club.
Tha ogre shouts!
Found a ration.
Ye see 'ere 17 gold pieces.
An adder skeleton comes inta view.
Found a puce potion an' a scroll labeled KIZE HASEAZUWOLL.
Thar be a stone staircase leadin' up, spatt'red wit' blood 'ere.
Tha ogre closely misses ye.
Ye hit tha ogre.
Tha ogre be moderately wounded.
Tha ogre hits ye wit' a +0 giant club!!
Ye hit tha ogre.
Tha ogre be moderately wounded.
Tha adder skeleton completely misses ye.
Tha ogre hits ye wit' a +0 giant club!
* * * LOW HITPOINT WARNIN'
* * * Tha adder skeleton bites ye.
* * * LOW HITPOINT WARNIN'
* * * Tha ogre hits ye wit' a +0 giant club!
Ye die...

#.............#...#
#........#........# ..
#........##.......## ....
#..#......)......##.....
#.............#..........
#........................
...........................#
.).........(..).........##.##
.............รท.@Z............
.........#.....#O.......?...
......#..##...##..........##..
.....###.##..###..............
.... .......#..........##...
.# .......................
.............$.........
#.........(............
.....#.........$.#..


You could see an ogre and an adder skeleton.

Vanquished Creatures
  An orc priest (D:4)
  3 orc wizards (D:3)
  Terence (D:3)
  5 adders
  An ooze (D:1)
  2 worms
  4 dart slugs
  A leopard gecko (D:3)
  4 orcs (D:3)
  5 bats
  3 giant cockroaches
  5 hobgoblins
  8 jackals
  A quokka (D:4)
  3 frilled lizards
  8 goblins
  9 kobolds
  5 rats
69 creatures vanquished.

Notes
Turn   | Place    | Note
-------+----------+-------------------------------------------
     0 | D:1      | BoppinsLewinski the Demonspawn Gladiator began the quest
                  | for the Orb.
     0 | D:1      | Reached XP level 1. HP: 16/16 MP: 1/1
   107 | D:1      | Gained mutation: You regenerate a little health from kills.
                  | [demonic ancestry]
   107 | D:1      | Reached XP level 2. HP: 22/22 MP: 2/2
   143 | D:1      | Reached skill level 3 in Polearms
   349 | D:1      | Reached XP level 3. HP: 28/28 MP: 3/3
   494 | D:2      | Reached skill level 1 in Armour
   608 | D:2      | Found a glowing silver altar of Zin.
   630 | D:2      | Found Zin's Purification Station.
   991 | D:2      | Reached XP level 4. HP: 25/34 MP: 4/4
  1539 | D:3      | Noticed Terence
  1570 | D:3      | Killed Terence
  1872 | D:3      | Gained mutation: You are partially covered in thin metallic
                  | scales. (AC +2) [demonic ancestry]
  1872 | D:3      | Reached XP level 5. HP: 39/40 MP: 5/5
  1904 | D:3      | Reached skill level 4 in Polearms
  2219 | D:3      | Found a shimmering blue altar of Sif Muna.
  2350 | D:4      | Gained mutation: You have sharp fingernails. [demonic
                  | ancestry]
  2350 | D:4      | Reached XP level 6. HP: 12/47 MP: 6/6
  2609 | D:4      | Slain by an ogre

Levels and vault maps discovered:
D:1:      doesnt_arrival_eight_statues, layout_rooms, minmay_nonomino_d4
D:2:      layout_basic, zin_purify, first_ration
D:3:      layout_loops_ring, tgw_sif, uniq_terence
D:4:      layout_cave_pools, chequers_serial_rivers_micro_e

Skill      XL: |  1  2  3  4  5 |
---------------+----------------+-----
Polearms       | 3 4 |  4.4
Armour         | 1 2 |  2.1
Dodging        | 3 |  3.5
Fighting       | 3 |  3.3
Throwing       | |  1.7

Action                   |  1- 3 |  4- 6 || total
-------------------------+-------+-------++-------
Melee: Trident           |   131 |   173 ||   304
Throw: Throwing net      |       |     6 ||     6
  Use: Potion            |       |     4 ||     4
 Stab: Sleeping          |     1 |       ||     1
  Eat: Chunk             |       |     6 ||     6
Armor: Leather armour    |    10 |       ||    10
       Chain mail        |    48 |   118 ||   166
Dodge: Dodged            |    67 |    73 ||   140

Table legend:
 A = Non-vault XP
 B = Vault XP
 C = Vault XP percentage of total XP
 D = Non-vault monster count
 E = Vault monster count
 F = Vault count percentage of total count
                 A         B        C        D         E       F
            +---------+---------+-------+---------+---------+-------
      Total |     299 |      84 |  21.9 |      63 |       6 |   8.7
            +---------+---------+-------+---------+---------+-------
        D:1 |      34 |       8 |  19.0 |      15 |       4 |  21.1
        D:2 |      75 |       0 |   0.0 |      22 |       0 |   0.0
        D:3 |     134 |      76 |  36.2 |      23 |       2 |   8.0
        D:4 |      56 |       0 |   0.0 |       3 |       0 |   0.0
            +---------+---------+-------+---------+---------+-------
